[Event "ICC 25 10"]
[Site "Internet Chess Club"]
[Date "2008.08.08"]
[Round "1"]
[White "HeavenlyFractal"]
[Black "danechka"]
[Result "1/2-1/2"]
[ECO "D04"]
[WhiteElo "1935"]
[BlackElo "1670"]
[PlyCount "78"]
[EventDate "2008.??.??"]
[TimeControl "1500+10"]

1. Nf3 Nf6 2. d4 d5 3. e3 c5 4. c4 e6 5. Be2 Nc6 6. O-O Bd6 7. b3 O-O 8. Bb2 Re8 9. Nbd2 e5 10. dxe5 Nxe5 11. Nxe5 Bxe5 12. Bxe5 Rxe5 13. Nf3 Re8 14. cxd5 Nxd5 15. Bc4 Nc3 16. Qc2 Ne4 17. Bd3 Bf5 18. Rad1 Qf6 19. Nd2 Nxd2 20. Rxd2 Rad8 21. Bxf5 Rxd2 22. Qxd2 Qxf5 23. Rd1 h6 24. Qd7 Qe4 25. h3 g6 26. Qc7 Qc2 27. Rd7 Qxa2 28. Rxf7 Qa1+ 29. Kh2 b6 30. Qxa7 Qxa7 31. Rxa7 Re4 32. Ra6 Rb4 33. Ra3 Kf7 34. Kg3 Ke6 35. f3 Kd5 36. e4+ Ke5 37. h4 b5 38. Kf2 c4 39. bxc4 Rxc4 1/2-1/2

[Event "ICC 25 10 u"]
[Site "Internet Chess Club"]
[Date "2008.08.08"]
[Round "1"]
[White "diams"]
[Black "LENI "]
[Result "0-1"]
[ECO "B06"]
[WhiteElo "1400"]
[BlackElo "2069"]
[PlyCount "48"]
[EventDate "2008.??.??"]
[TimeControl "1500+10"]

1. e4 g6 2. d4 Bg7 3. Nc3 d6 4. Nf3 a6 5. a4 b6 6. Be2 Nd7 7. O-O c5 8. d5 Ngf6 9. h3 O-O 10. Be3 h6 11. Qd2 Kh7 12. Nh2 Bb7 13. f4 Ne8 14. Bd3 f5 15. exf5 gxf5 16. g4 Bxc3 17. Qxc3 Ng7 18. Kf2 Bxd5 19. Rg1 e5 20. gxf5 Nxf5 21. Raf1 e4 22. Be2 Qh4+ 23. Kg2 Qg3+ 24. Kh1 Qxe3 0-1

[Event "ICC 25 10 u"]
[Site "Internet Chess Club"]
[Date "2008.08.09"]
[Round "1"]
[White "daisuke"]
[Black "patternmaster"]
[Result "1/2-1/2"]
[ECO "B04"]
[WhiteElo "2202"]
[BlackElo "2001"]
[PlyCount "106"]
[EventDate "2008.??.??"]
[TimeControl "1500+10"]

1. e4 Nf6 2. e5 Nd5 3. d4 d6 4. Nf3 dxe5 5. Nxe5 c6 6. Bd3 Nd7 7. Nxd7 Bxd7 8. O-O g6 9. Re1 Bg7 10. c3 O-O 11. Nd2 Be6 12. Ne4 Nf6 13. Nc5 Bc8 14. Qe2 Re8 15. Bg5 b6 16. Ne4 Be6 17. Nxf6+ exf6 18. Be3 Qd7 19. Qc2 Rad8 20. Re2 c5 21. Rae1 cxd4 22. Bxd4 f5 23. Bxg7 Kxg7 24. Ba6 Qc6 25. Re5 Bd7 26. Rxe8 Rxe8 27. Rxe8 Bxe8 28. Be2 Qe4 29. Qd3 Bc6 30. f3 Qe5 31. g3 f4 32. Qd4 Qxd4+ 33. cxd4 fxg3 34. hxg3 Bd5 35. a3 Kf6 36. Kf2 Ke6 37. Ke3 Kd6 38. f4 Be6 39. g4 h6 40. b4 f6 41. Bf3 g5 42. fxg5 hxg5 43. a4 Bd7 44. a5 Be6 45. Be2 Bd5 46. Bd3 Be6 47. Be2 Bd5 48. Bd1 Be6 49. Ke4 Bd7 50. Be2 Bc8 51. d5 Bd7 52. Bf3 Bc8 53. Be2 Bd7 1/2-1/2

[Event "ICC 25 10"]
[Site "Internet Chess Club"]
[Date "2008.08.10"]
[Round "1"]
[White "pseudonym"]
[Black "MrShaw"]
[Result "0-1"]
[ECO "C06"]
[WhiteElo "1748"]
[BlackElo "1918"]
[PlyCount "94"]
[EventDate "2008.??.??"]
[TimeControl "1500+10"]

1. e4 e6 2. d4 d5 3. Nd2 Nf6 4. e5 Nfd7 5. Bd3 c5 6. c3 Nc6 7. Ne2 cxd4 8. cxd4 f6 9. exf6 Qxf6 10. Nf3 h6 11. O-O Bd6 12. Qc2 O-O 13. Bh7+ Kh8 14. Bd2 Rd8 15. a3 Nf8 16. Bd3 Bd7 17. Be3 Rac8 18. Qd1 e5 19. dxe5 Nxe5 20. Nxe5 Bxe5 21. Bxa7 Bxb2 22. Rb1 Bc6 23. Qd2 Bxa3 24. Bb6 Re8 25. Bd4 Qd6 26. Rfe1 Bc5 27. Bxc5 Qxc5 28. Bf5 Rcd8 29. Rec1 Qd6 30. Nd4 Qf6 31. Qd3 Re5 32. f4 Re7 33. Nxc6 bxc6 34. Rb6 Rc7 35. Rbb1 c5 36. g3 Ne6 37. Re1 Nd4 38. Bg4 Re7 39. Rxe7 Qxe7 40. Rf1 Re8 41. Qd1 Qe3+ 42. Kh1 c4 43. Bh3 c3 44. Qb1 c2 45. Qc1 Qxc1 46. Rxc1 Rb8 47. Bf1 Rb1 0-1

[Event "ICC 25 10 u"]
[Site "Internet Chess Club"]
[Date "2008.08.10"]
[Round "1"]
[White "JoshWinner"]
[Black "okun"]
[Result "0-1"]
[ECO "B08"]
[WhiteElo "1015"]
[BlackElo "1584"]
[PlyCount "72"]
[EventDate "2008.??.??"]
[TimeControl "1500+10"]

1. e4 d6 2. d4 Nf6 3. Nc3 g6 4. Nf3 Bg7 5. Bd3 O-O 6. O-O Nc6 7. d5 Nb4 8. Bc4 Bg4 9. Be2 a5 10. a3 Na6 11. Na4 Nxe4 12. h3 Bd7 13. c3 b5 14. Bd3 Nf6 15. Qe2 Qe8 16. b3 bxa4 17. Bxa6 axb3 18. Rb1 a4 19. Qc4 Rxa6 20. Qxa6 Bb5 21. Qa5 Bxf1 22. Kxf1 Qd7 23. c4 Qf5 24. Nd2 Ne4 25. Nxe4 Qxe4 26. Rb2 Bxb2 27. Bxb2 Qb1+ 28. Ke2 Qxb2+ 29. Kf3 Qxa3 30. Qc3 Qa2 31. c5 b2 32. cxd6 cxd6 33. g3 b1=Q 34. Kg2 Qxd5+ 35. f3 Qda2+ 36. Qd2 Qxd2# 0-1

[Event "ICC 25 10 u"]
[Site "Internet Chess Club"]
[Date "2008.08.10"]
[Round "1"]
[White "wright"]
[Black "IvanuvIvanchuk"]
[Result "1-0"]
[ECO "A31"]
[WhiteElo "2051"]
[BlackElo "1809"]
[PlyCount "33"]
[EventDate "2008.??.??"]
[TimeControl "1500+10"]

1. d4 Nf6 2. c4 c5 3. Nf3 cxd4 4. Nxd4 Nc6 5. Nc3 d5 6. Qa4 Bd7 7. cxd5 Nxd4 8. Qxd4 Bc6 9. e4 e6 10. Bc4 Bb4 11. O-O Bxc3 12. bxc3 exd5 13. exd5 Bxd5 14. Ba3 Bxc4 15. Qxc4 Qb6 16. Rfe1+ Kd8 17. Rad1+ 1-0

[Event "ICC 25 10 u"]
[Site "Internet Chess Club"]
[Date "2008.08.10"]
[Round "2"]
[White "diams"]
[Black "patternmaster"]
[Result "0-1"]
[ECO "B03"]
[WhiteElo "1400"]
[BlackElo "2001"]
[PlyCount "63"]
[EventDate "2008.??.??"]
[TimeControl "1500+10"]

1. e4 Nf6 2. e5 Nd5 3. d4 d6 4. c4 Nb6 5. exd6 exd6 6. Be3 Be7 7. Nc3 Bf5 8. Bd3 Bxd3 9. Qxd3 O-O 10. Nf3 d5 11. b3 c6 12. O-O-O a5 13. c5 N6d7 14. h4 Na6 15. Ng5 Nf6 16. a3 b6 17. Na4 bxc5 18. dxc5 Nb8 19. Bd4 Nbd7 20. Nb6 Nxc5 21. Bxc5 Bxc5 22. Nxa8 Bxa3+ 23. Kb1 Qxa8 24. Rh3 Qb8 25. Ka2 Be7 26. Rf3 g6 27. Re1 Qd6 28. Kb2 Rb8 29. Kc2 Qc5+ 30. Qc3 Qxc3+ 31. Rxc3 Bb4 32. Re7 0-1

[Event "ICC 25 10 u"]
[Site "Internet Chess Club"]
[Date "2008.08.11"]
[Round "2"]
[White "IvanuvIvanchuk"]
[Black "danechka"]
[Result "1-0"]
[ECO "C44"]
[WhiteElo "1809"]
[BlackElo "1599"]
[PlyCount "91"]
[EventDate "2008.??.??"]
[TimeControl "1500+10"]

1. e4 e5 2. Nf3 Nc6 3. d4 exd4 4. c3 dxc3 5. Nxc3 Bb4 6. Bc4 Nf6 7. e5 Ne4 8. Bxf7+ Kxf7 9. Qd5+ Ke8 10. Qxe4 Qe7 11. O-O Bxc3 12. bxc3 d6 13. Bg5 Qe6 14. Rad1 dxe5 15. Nxe5 Qf5 16. Qe3 Be6 17. Nf3 Kf7 18. Nd4 Nxd4 19. Rxd4 Kg6 20. Bf4 Kf6 21. Bxc7 Ke7 22. Re1 b6 23. Bd6+ Ke8 24. Qxe6+ Qxe6 25. Rxe6+ Kf7 26. Re7+ Kf6 27. Rde4 Rad8 28. Bg3 Kg6 29. f3 Rc8 30. Be5 Rhd8 31. Rxg7+ Kf5 32. g4+ Ke6 33. Bc7+ Kf6 34. Be5+ Ke6 35. Bd4+ Kd5 36. Ree7 Kc6 37. f4 Re8 38. Rxe8 Rxe8 39. Kf2 Re4 40. Be5 Ra4 41. Ke3 Rxa2 42. h4 a5 43. f5 a4 44. c4 Ra3+ 45. Kd4 Rf3 46. Rc7# 1-0

[Event "ICC 25 10 u"]
[Site "Internet Chess Club"]
[Date "2008.08.12"]
[Round "2"]
[White "LENI"]
[Black "pseudonym"]
[Result "1-0"]
[ECO "B10"]
[WhiteElo "2069"]
[BlackElo "1748"]
[PlyCount "67"]
[EventDate "2008.??.??"]
[TimeControl "1500+10"]

1. e4 c6 2. d3 d5 3. Nd2 e6 4. g3 Nf6 5. Bg2 Be7 6. Ngf3 Nbd7 7. O-O O-O 8. Re1 dxe4 9. dxe4 Nc5 10. Qe2 b6 11. b3 Ba6 12. Qe3 Qc7 13. Bb2 Ng4 14. Qc3 Nf6 15. a4 Rfd8 16. b4 Ncd7 17. b5 Bb7 18. bxc6 Bxc6 19. Nd4 Nc5 20. Nxc6 Qxc6 21. g4 h6 22. Qh3 Rxd2 23. Qe3 Rdd8 24. g5 hxg5 25. Qxg5 Ncd7 26. e5 Nd5 27. Bxd5 Qc5 28. Qg4 Qxd5 29. Ra3 Nc5 30. Rg3 g6 31. h4 Qd2 32. Re2 Qd1+ 33. Kh2 Nxa4 34. h5 {Black forfeits on time} 1-0

[Event "ICC 25 10"]
[Site "Internet Chess Club"]
[Date "2008.08.13"]
[Round "2"]
[White "okun"]
[Black "HeavenlyFractal"]
[Result "1/2-1/2"]
[ECO "A04"]
[WhiteElo "1593"]
[BlackElo "1810"]
[PlyCount "110"]
[EventDate "2008.??.??"]
[TimeControl "1500+10"]

1. Nf3 d6 2. g3 Nd7 3. Bg2 g6 4. O-O Bg7 5. d4 c6 6. e4 e5 7. dxe5 dxe5 8. c3 Ngf6 9. Na3 Qe7 10. Nc4 O-O 11. a4 Rd8 12. Qc2 b5 13. axb5 cxb5 14. Na5 Nb8 15. Be3 Qc7 16. Nb3 Nbd7 17. Rfd1 Bb7 18. Ne1 a6 19. Rd2 Rac8 20. Rad1 Bf8 21. Bg5 h6 22. Be3 Nb8 23. Rxd8 Rxd8 24. Rxd8 Qxd8 25. Qd3 Qc7 26. Qd2 Ng4 27. Nc2 Nxe3 28. Nxe3 Nd7 29. Nd5 Qd6 30. Qe3 Nc5 31. Nxc5 Qxc5 32. Qxc5 Bxc5 33. Kf1 Bxd5 34. exd5 Kf8 35. Ke2 Ke7 36. g4 f5 37. h3 e4 38. f3 exf3+ 39. Kxf3 fxg4+ 40. Kxg4 Kf6 41. h4 a5 42. Kf4 b4 43. cxb4 axb4 44. Ke4 g5 45. hxg5+ hxg5 46. Kd3 g4 47. Kc4 Bd6 48. Kb5 g3 49. Kc6 Ke5 50. b3 Be7 51. Kd7 Bd6 52. Kc6 Be7 53. Kd7 Bd6 54. Kc6 Be7 55. Kd7 Bd6 1/2-1/2

[Event "ICC 25 10 u"]
[Site "Internet Chess Club"]
[Date "2008.08.14"]
[Round "2"]
[White "wright"]
[Black "daisuke"]
[Result "0-1"]
[ECO "D10"]
[WhiteElo "2051"]
[BlackElo "2202"]
[PlyCount "40"]
[EventDate "2008.??.??"]
[TimeControl "1500+10"]

1. d4 d5 2. c4 c6 3. Nc3 Nf6 4. Bf4 Qb6 5. Qd2 Bf5 6. Nf3 e6 7. e3 Bb4 8. a3 Qa5 9. Rc1 Be7 10. Bd3 dxc4 11. Bxc4 O-O 12. O-O Nbd7 13. Rfd1 Bg4 14. Be2 Nh5 15. e4 Bxf3 16. Bxf3 Nxf4 17. Qxf4 Bg5 18. Qd6 Bxc1 19. Rxc1 Rad8 20. Qg3 Qb6 0-1

[Event "ICC 25 10"]
[Site "Internet Chess Club"]
[Date "2008.08.13"]
[Round "3"]
[White "danechka"]
[Black "okun"]
[Result "1-0"]
[ECO "E61"]
[WhiteElo "1615"]
[BlackElo "1577"]
[PlyCount "35"]
[EventDate "2008.??.??"]
[TimeControl "1500+10"]

1. d4 Nf6 2. c4 g6 3. Nc3 Bg7 4. Bf4 O-O 5. e4 d6 6. Nf3 c5 7. Be2 Nc6 8. dxc5 Qa5 9. Qd2 Qxc5 10. O-O Nh5 11. Bh6 Bd7 12. Bxg7 Kxg7 13. Rad1 Ne5 14. Nxe5 Qxe5 15. Bxh5 Qxh5 16. Qd4+ Kg8 17. Nd5 e6 18. Ne7# 1-0

[Event "ICC 25 10 u"]
[Site "Internet Chess Club"]
[Date "2008.08.15"]
[Round "3"]
[White "daisuke"]
[Black "IvanuvIvanchuk"]
[Result "1-0"]
[ECO "B22"]
[WhiteElo "2202"]
[BlackElo "1809"]
[PlyCount "65"]
[EventDate "2008.??.??"]
[TimeControl "1500+10"]

1. e4 c5 2. c3 g6 3. d4 cxd4 4. cxd4 d5 5. exd5 Nf6 6. Bb5+ Nbd7 7. Nc3 Bg7 8. Nge2 O-O 9. d6 exd6 10. O-O d5 11. h3 Nb6 12. Re1 Bd7 13. Bd3 Rc8 14. Bg5 Bc6 15. Qd2 Re8 16. Ng3 Qd7 17. Qf4 Ne4 18. Bxe4 dxe4 19. Ncxe4 Qd5 20. Bf6 Re6 21. f3 Nd7 22. Bxg7 Kxg7 23. Nc3 Qc4 24. Rxe6 Qxe6 25. Rd1 Nf6 26. Nge4 Nh5 27. Qd2 f5 28. d5 Bxd5 29. Qd4+ Kf8 30. Ng5 Qe7 31. Nxd5 Qxg5 32. Qh8+ Kf7 33. Qxc8 1-0

[Event "ICC 25 10 u"]
[Site "Internet Chess Club"]
[Date "2008.08.16"]
[Round "3"]
[White "JoshWinner"]
[Black "LENI"]
[Result "0-1"]
[ECO "B06"]
[WhiteElo "1015"]
[BlackElo "2069"]
[PlyCount "58"]
[EventDate "2008.??.??"]
[TimeControl "1500+10"]

1. e4 g6 2. d4 Bg7 3. Nc3 d6 4. Nf3 a6 5. Bc4 e6 6. O-O Nd7 7. Re1 c5 8. a4 b6 9. Be3 Bb7 10. d5 e5 11. Qd2 h6 12. h3 Ne7 13. b3 f5 14. Qd3 O-O 15. Nd2 f4 16. Bxc5 Nxc5 17. Qe2 Nd7 18. b4 Nf6 19. Nf3 Bc8 20. Nxe5 Nh5 21. Nc6 Nxc6 22. dxc6+ Kh7 23. Bd5 Bxc3 24. c7 Qg5 25. Bxa8 f3 26. Qf1 Bxh3 27. Bb7 Bxg2 28. c8=Q Bxf1+ 29. Kxf1 Qg2# 0-1

[Event "ICC 25 10 u"]
[Site "Internet Chess Club"]
[Date "2008.08.16"]
[Round "3"]
[White "pseudonym"]
[Black "patternmaster"]
[Result "1/2-1/2"]
[ECO "B04"]
[WhiteElo "1748"]
[BlackElo "2001"]
[PlyCount "158"]
[EventDate "2008.??.??"]
[TimeControl "1500+10"]

1. e4 Nf6 2. e5 Nd5 3. d4 d6 4. Nf3 dxe5 5. Nxe5 c6 6. Bc4 Nd7 7. O-O Nxe5 8. dxe5 Bf5 9. Nd2 e6 10. Nf3 Be7 11. Qe2 O-O 12. Rd1 Qc7 13. Nd4 Bg6 14. c3 a6 15. Bxd5 cxd5 16. Bf4 b5 17. Rac1 Qb6 18. Be3 Qb7 19. Qg4 Rac8 20. h4 h5 21. Qg3 Qd7 22. Bg5 Bxg5 23. Qxg5 Rfe8 24. Ne2 Qe7 25. Qxe7 Rxe7 26. Nf4 Kh7 27. Nh3 Rec7 28. Ng5+ Kg8 29. Rd4 Rc4 30. Rcd1 a5 31. a3 Kf8 32. g3 Ke7 33. Rf4 Rxf4 34. gxf4 Rc4 35. Rd4 Rxd4 36. cxd4 Kd7 37. Kg2 Kc6 38. Kf3 b4 39. axb4 axb4 40. b3 Kd7 41. Ke3 Bc2 42. Nxf7 Bxb3 43. Kd3 Bc4+ 44. Kc2 Ke7 45. Ng5 Kd7 46. Kb2 b3 47. Nf7 Ke8 48. Nd6+ Ke7 49. Nc8+ Kd7 50. Nd6 Ke7 51. Nc8+ Kf7 52. Nd6+ Kg6 53. Nc8 Kf5 54. Nd6+ Kxf4 55. Ne8 g5 56. hxg5 Kxg5 57. Ng7 h4 58. Nxe6+ Kg4 59. f3+ Kf5 60. Ng7+ Kg6 61. Ne6 Kf7 62. Ng5+ Ke7 63. f4 Bf1 64. f5 h3 65. f6+ Ke8 66. f7+ Ke7 67. e6 h2 68. Nh7 h1=Q 69. f8=Q+ Kxe6 70. Qe8+ Kd6 71. Qd8+ Kc6 72. Qc8+ Kb6 73. Qb8+ Ka5 74. Qa7+ Ba6 75. Qc7+ Ka4 76. Qc6+ Bb5 77. Qa8+ Ba6 78. Qxa6+ Kb4 79. Qb6+ Ka4 1/2-1/2

[Event "ICC 25 10 u"]
[Site "Internet Chess Club"]
[Date "2008.08.17"]
[Round "3"]
[White "diams"]
[Black "wright"]
[Result "0-1"]
[ECO "A07"]
[WhiteElo "1400"]
[BlackElo "2051"]
[PlyCount "58"]
[EventDate "2008.??.??"]
[TimeControl "1500+10"]

1. Nf3 d5 2. g3 Nf6 3. Bg2 e6 4. d3 Be7 5. Nbd2 O-O 6. O-O c5 7. e4 Nc6 8. Re1 b6 9. e5 Nd7 10. Nf1 Bb7 11. h4 Rc8 12. c3 Qc7 13. Bf4 Rfd8 14. N1h2 Nf8 15. h5 h6 16. Qd2 Nh7 17. g4 d4 18. c4 a6 19. g5 Nxg5 20. Nxg5 hxg5 21. Bxg5 Bxg5 22. Qxg5 Ne7 23. Be4 Bxe4 24. Rxe4 Nf5 25. Ng4 Qe7 26. Nf6+ Kh8 27. h6 gxf6 28. exf6 Rg8 29. Qxg8+ Rxg8+ 0-1

[Event "ICC 25 10"]
[Site "Internet Chess Club"]
[Date "2008.08.17"]
[Round "3"]
[White "HeavenlyFractal"]
[Black "MrShaw"]
[Result "1/2-1/2"]
[ECO "A46"]
[WhiteElo "1808"]
[BlackElo "1884"]
[PlyCount "143"]
[EventDate "2008.??.??"]
[TimeControl "1500+10"]

1. Nf3 Nf6 2. d4 d6 3. e3 g6 4. b3 Bg7 5. Bb2 O-O 6. Nbd2 Nbd7 7. Be2 Re8 8. Nc4 a6 9. h3 b5 10. Ncd2 Bb7 11. c4 c6 12. O-O Qb6 13. Rc1 c5 14. d5 a5 15. Qc2 Ba6 16. e4 bxc4 17. Nxc4 Bxc4 18. Bxc4 a4 19. bxa4 Qa5 20. Bb5 Reb8 21. Bc3 Qc7 22. Ba1 Nb6 23. Bc6 Ra7 24. Rb1 Rd8 25. Bc3 Nbd7 26. Rfe1 Nb8 27. Bb5 Na6 28. Bc6 c4 29. Bd4 Nc5 30. Bxc5 dxc5 31. Qxc4 Nd7 32. Rec1 e6 33. Bxd7 Qxd7 34. dxe6 fxe6 35. Qxc5 Rxa4 36. e5 Rxa2 37. Qc6 Qf7 38. Rd1 Rd5 39. Rxd5 exd5 40. e6 Qa7 41. Qb6 Qxb6 42. Rxb6 Kf8 43. Rb7 Bh6 44. Rd7 Ra1+ 45. Kh2 Bf4+ 46. g3 Bh6 47. Rxd5 Ra2 48. Kg1 Ra1+ 49. Kg2 Ke7 50. Re5 Bg7 51. Re2 Ra6 52. Ng1 Rxe6 53. Rxe6+ Kxe6 54. f4 Bf8 55. Nf3 Bc5 56. Ng5+ Kf5 57. Nxh7 Be7 58. Ng5 Bxg5 59. fxg5 Kxg5 60. Kf3 Kf5 61. g4+ Ke5 62. h4 Kd6 63. Kf4 Ke6 64. Kg5 Kf7 65. h5 gxh5 66. Kxh5 Kg7 67. Kg5 Kf7 68. Kh6 Kg8 69. Kg6 Kh8 70. Kf7 Kh7 71. g5 Kh8 72. g6 1/2-1/2

[Event "ICC 25 10 u"]
[Site "Internet Chess Club"]
[Date "2008.08.17"]
[Round "4"]
[White "wright"]
[Black "pseudonym"]
[Result "1/2-1/2"]
[ECO "D10"]
[WhiteElo "2051"]
[BlackElo "1748"]
[PlyCount "81"]
[EventDate "2008.??.??"]
[TimeControl "1500+10"]

1. d4 d5 2. c4 c6 3. Bf4 Nf6 4. Nc3 dxc4 5. e3 b5 6. a4 Bg4 7. Nf3 Nd5 8. axb5 Nxc3 9. bxc3 cxb5 10. Be2 e6 11. Qb1 a6 12. Bxb8 Qxb8 13. Qe4 Bxf3 14. Bxf3 Ra7 15. Qc6+ Kd8 16. Rxa6 Rxa6 17. Qxa6 e5 18. O-O exd4 19. exd4 Bd6 20. g3 Re8 21. Qa5+ Bc7 22. Qa2 Kd7 23. Ra1 Qb6 24. Bg4+ Kc6 25. Bf3+ Kd7 26. Kf1 g6 27. Qa6 Rb8 28. Qa2 f5 29. Qd2 h5 30. h4 Bd6 31. Qg5 Bc7 32. Bd5 b4 33. cxb4 Qxd4 34. Re1 Qxd5 35. Qe7+ Kc8 36. Qe8+ Kb7 37. Qxg6 Qh1+ 38. Ke2 Qe4+ 39. Kf1 Qh1+ 40. Ke2 Qe4+ 41. Kf1 1/2-1/2

[Event "ICC 25 10"]
[Site "Internet Chess Club"]
[Date "2008.08.21"]
[Round "4"]
[White "LENI"]
[Black "HeavenlyFractal"]
[Result "1-0"]
[ECO "B07"]
[WhiteElo "2085"]
[BlackElo "1844"]
[PlyCount "67"]
[EventDate "2008.??.??"]
[TimeControl "1500+10"]

1. e4 d6 2. Nf3 Nd7 3. g3 c6 4. Bg2 g6 5. O-O Bg7 6. d4 e5 7. c3 Ngf6 8. Re1 O-O 9. a4 Re8 10. Qc2 Qc7 11. b4 Nf8 12. Nbd2 Bg4 13. h3 Bxf3 14. Nxf3 N8d7 15. Bb2 Rad8 16. Rad1 h6 17. dxe5 dxe5 18. c4 b6 19. Rd2 Re7 20. Red1 Rde8 21. h4 Nh7 22. Bh3 Nhf8 23. a5 Kh7 24. Rd6 Kg8 25. Qd2 Nf6 26. Qc2 N6d7 27. Qa4 Nb8 28. b5 c5 29. axb6 axb6 30. Ne1 Nfd7 31. Nc2 Nf6 32. f3 Nh5 33. Kg2 Rc8 34. Bxc8 1-0

[Event "ICC 25 10 u"]
[Site "Internet Chess Club"]
[Date "2008.08.23"]
[Round "4"]
[White "daisuke"]
[Black "diams"]
[Result "1-0"]
[ECO "C55"]
[WhiteElo "2202"]
[BlackElo "1400"]
[PlyCount "123"]
[EventDate "2008.??.??"]
[TimeControl "1500+10"]

1. e4 e5 2. Nf3 Nc6 3. Bc4 Nf6 4. d3 Bc5 5. c3 d6 6. Bb3 Bg4 7. Nbd2 a6 8. h3 Bd7 9. Nf1 h6 10. Be3 Bxe3 11. Nxe3 g5 12. Qe2 g4 13. hxg4 Nxg4 14. O-O-O Nxe3 15. fxe3 Qe7 16. Rdf1 O-O-O 17. Nh4 Be6 18. Nf5 Bxf5 19. Rxf5 f6 20. Qg4 Kb8 21. Qg6 Rdf8 22. Rxh6 Na5 23. Rxh8 Nxb3+ 24. axb3 Rxh8 25. Qxf6 Rh1+ 26. Kc2 Qh7 27. Rf1 Rh2 28. Rf2 Rh1 29. Rf1 Rh2 30. Qf3 a5 31. Kb1 b5 32. d4 a4 33. bxa4 bxa4 34. dxe5 dxe5 35. Qf5 Qh4 36. Qxe5 Qd8 37. Qb5+ Kc8 38. Qd5 Qxd5 39. exd5 Rxg2 40. Ka2 Re2 41. Ka3 Kd7 42. Rf7+ Kd6 43. c4 Rc2 44. Rf6+ Kd7 45. Rc6 Re2 46. Kxa4 Rxb2 47. Ka3 Re2 48. Re6 Rc2 49. Kb4 Rb2+ 50. Kc5 Ra2 51. Rh6 Ra5+ 52. Kd4 Ra1 53. Rh7+ Kd8 54. e4 Rd1+ 55. Kc5 Ra1 56. e5 Ra5+ 57. Kd4 Ra1 58. d6 cxd6 59. exd6 Rd1+ 60. Kc5 Rc1 61. Kd5 Rd1+ 62. Kc6 1-0

[Event "ICC 25 10"]
[Site "Internet Chess Club"]
[Date "2008.08.24"]
[Round "4"]
[White "MrShaw"]
[Black "danechka"]
[Result "1-0"]
[ECO "C70"]
[WhiteElo "1890"]
[BlackElo "1631"]
[PlyCount "39"]
[EventDate "2008.??.??"]
[TimeControl "1500+10"]

1. e4 e5 2. Nf3 Nc6 3. Bb5 a6 4. Ba4 Bc5 5. c3 b5 6. Bc2 Nf6 7. d4 exd4 8. cxd4 Bb4+ 9. Nc3 O-O 10. O-O Re8 11. e5 Ng4 12. Bxh7+ Kxh7 13. Ng5+ Kg8 14. Qxg4 Be7 15. Nd5 d6 16. Qh5 Bxg5 17. Bxg5 Qd7 18. Nf6+ gxf6 19. Bxf6 Qf5 20. Qh8# 1-0

[Event "ICC 25 10 u"]
[Site "Internet Chess Club"]
[Date "2008.08.24"]
[Round "4"]
[White "patternmaster"]
[Black "JoshWinner"]
[Result "1-0"]
[ECO "A40"]
[WhiteElo "2001"]
[BlackElo "1258"]
[PlyCount "127"]
[EventDate "2008.??.??"]
[TimeControl "1500+10"]

1. d4 g6 2. Nf3 Bg7 3. Bf4 Nf6 4. e3 O-O 5. h3 c5 6. c3 Nc6 7. dxc5 e5 8. Nxe5 Nxe5 9. Bxe5 Nh5 10. Bxg7 Nxg7 11. Be2 Re8 12. O-O b6 13. Bf3 Rb8 14. c6 Ba6 15. Re1 dxc6 16. Bxc6 Qxd1 17. Rxd1 Rec8 18. Bf3 Ne6 19. Nd2 Ng5 20. Bd5 Be2 21. Re1 Bd3 22. h4 Rd8 23. Bb3 Ne4 24. Nxe4 Bxe4 25. Rad1 Kf8 26. Rxd8+ Rxd8 27. Rd1 Rxd1+ 28. Bxd1 Ke7 29. Bb3 f6 30. f3 Bd3 31. Kf2 Kd6 32. Bg8 h5 33. e4 Ke7 34. Ke3 Ba6 35. g3 Kf8 36. Bd5 Ke7 37. f4 Bc8 38. Kd4 a5 39. b4 axb4 40. cxb4 Bd7 41. Bb3 b5 42. Kc5 Be8 43. Bd5 f5 44. e5 Kd8 45. Bc6 Bf7 46. a3 Kc7 47. Bxb5 Kb7 48. a4 Kc7 49. a5 Kb7 50. Kd6 Kb8 51. Ke7 Bd5 52. Kd6 Bg8 53. e6 Bxe6 54. Kxe6 Kc7 55. Kf6 Kb8 56. Kxg6 Kc7 57. Kxf5 Kd6 58. a6 Kc7 59. Kg5 Kb8 60. f5 Ka7 61. f6 Kb8 62. f7 Ka7 63. f8=Q Kb6 64. Qb8# 1-0

[Event "ICC 25 10 u"]
[Site "Internet Chess Club"]
[Date "2008.08.25"]
[Round "4"]
[White "IvanuvIvanchuk"]
[Black "okun"]
[Result "1-0"]
[ECO "B08"]
[WhiteElo "1809"]
[BlackElo "1591"]
[PlyCount "59"]
[EventDate "2008.??.??"]
[TimeControl "1500+10"]

1. e4 d6 2. d4 Nf6 3. Nc3 g6 4. Nf3 Bg7 5. Bc4 O-O 6. h3 Nxe4 7. Bxf7+ Rxf7 8. Nxe4 Nc6 9. Be3 Bf5 10. Ng3 Bd7 11. Qd2 e5 12. O-O-O exd4 13. Nxd4 Nxd4 14. Bxd4 Bc6 15. f3 Bxd4 16. Qxd4 Qg5+ 17. Kb1 Qxg3 18. h4 Rf4 19. Qe3 Re4 20. Qb3+ Kg7 21. fxe4 Qxg2 22. Qc3+ Kg8 23. Qc4+ Kg7 24. Rdf1 d5 25. exd5 Bxd5 26. Qxc7+ Kg8 27. h5 Re8 28. h6 Bf7 29. Qxf7+ Kh8 30. Qg7# 1-0

[Event "ICC 25 10 u"]
[Site "Internet Chess Club"]
[Date "2008.08.19"]
[Round "5"]
[White "danechka"]
[Black "LENI"]
[Result "0-1"]
[ECO "D10"]
[WhiteElo "1648"]
[BlackElo "2069"]
[PlyCount "126"]
[EventDate "2008.??.??"]
[TimeControl "1500+10"]

1. d4 d5 2. c4 c6 3. Nc3 Nf6 4. Bg5 dxc4 5. e3 e6 6. Bxc4 Bd6 7. Nf3 O-O 8. Ne4 Qa5+ 9. Nc3 Ne4 10. Qc2 Nxg5 11. Nxg5 Qxg5 12. O-O e5 13. Ne4 Qg6 14. Bd3 Bf5 15. dxe5 Bxe5 16. Nf6+ Qxf6 17. Bxf5 g6 18. f4 Qxf5 19. Qxf5 gxf5 20. fxe5 Re8 21. Rxf5 Nd7 22. Rg5+ Kf8 23. Rh5 Kg7 24. Rf1 Rxe5 25. Rh4 f6 26. Rff4 Rae8 27. Rfg4+ Rg5 28. Rb4 Nb6 29. Kf2 Re7 30. Rbd4 Rd5 31. Rdg4+ Kf8 32. Rf4 Rd2+ 33. Ke1 Rxg2 34. Rxf6+ Kg7 35. Rf3 h6 36. Kf1 Rxb2 37. Rg3+ Kh7 38. Rg5 Rf7+ 39. Ke1 Rg7 40. Rxg7+ Kxg7 41. Rg4+ Kf6 42. Rf4+ Kg5 43. Rf7 Nd5 44. e4 Nf4 45. h4+ Kg4 46. e5 a5 47. Re7 Kf5 48. Rh7 h5 49. e6 Kxe6 50. Kf1 a4 51. a3 b5 52. Rh6+ Kd5 53. Rf6 Ke5 54. Rxc6 Rb3 55. Rc5+ Nd5 56. Ke2 Kd4 57. Rc1 Rxa3 58. Rd1+ Ke4 59. Rb1 Nc3+ 60. Kd2 Nxb1+ 61. Kc2 Rh3 62. Kxb1 Rh2 63. Ka1 Kd3 0-1

[Event "ICC 25 10 u"]
[Site "Internet Chess Club"]
[Date "2008.08.22"]
[Round "5"]
[White "IvanuvIvanchuk"]
[Black "diams"]
[Result "0-1"]
[ECO "C44"]
[WhiteElo "1809"]
[BlackElo "1400"]
[PlyCount "80"]
[EventDate "2008.??.??"]
[TimeControl "1500+10"]

1. e4 e5 2. Nf3 Nc6 3. d4 exd4 4. c3 dxc3 5. Nxc3 Bb4 6. Bc4 d6 7. O-O Bxc3 8. bxc3 Nf6 9. e5 Nxe5 10. Nxe5 dxe5 11. Qe2 Qe7 12. a4 O-O 13. Ba3 c5 14. Rfe1 Re8 15. Rad1 b6 16. Bb5 Bd7 17. Bc4 Bxa4 18. Rd3 Rad8 19. Re3 e4 20. f3 Qd6 21. Bc1 exf3 22. Qa2 Rxe3 23. Bxf7+ Kf8 24. Bxe3 Ng4 25. gxf3 Nxe3 26. Qxa4 Kxf7 27. Rxe3 Qd1+ 28. Qxd1 Rxd1+ 29. Kf2 Rd2+ 30. Kg3 a5 31. c4 Rc2 32. Rb3 Rxc4 33. Rxb6 Rb4 34. Ra6 a4 35. h3 c4 36. Kf2 c3 37. Ke3 Rc4 38. Ra7+ Kf6 39. Ra6+ Kg5 40. Kd3 c2 0-1

[Event "ICC 25 10 u"]
[Site "Internet Chess Club"]
[Date "2008.08.23"]
[Round "5"]
[White "pseudonym"]
[Black "daisuke"]
[Result "0-1"]
[ECO "C65"]
[WhiteElo "1735"]
[BlackElo "2202"]
[PlyCount "96"]
[EventDate "2008.??.??"]
[TimeControl "1500+10"]

1. e4 e5 2. Nf3 Nc6 3. Bb5 Nf6 4. Qe2 d6 5. O-O Be7 6. c3 O-O 7. d4 exd4 8. cxd4 Bg4 9. Rd1 d5 10. e5 Ne4 11. h3 Bh5 12. Nc3 Bg6 13. Bd3 Nxc3 14. bxc3 Qd7 15. Be3 Nd8 16. Rab1 c6 17. Bg5 Ne6 18. Be3 Rae8 19. Qb2 b6 20. Qe2 f5 21. Qc2 Bh5 22. Qe2 f4 23. Bc1 Kh8 24. Re1 Ng5 25. e6 Qd6 26. h4 Nxf3+ 27. gxf3 Bxh4 28. Kg2 Bd8 29. Qe5 Qxe5 30. Rxe5 g6 31. Ba3 Be7 32. Bxe7 Rxe7 33. Rh1 Kg7 34. c4 dxc4 35. Bxc4 Rd8 36. Re4 Rf8 37. a3 Rf5 38. Re5 Kf6 39. Rxf5+ Kxf5 40. d5 cxd5 41. Bxd5 Ke5 42. Bc4 b5 43. Bb3 Kf6 44. Bd5 a6 45. Bb3 Rc7 46. Re1 Ke7 47. Rd1 Bxf3+ 48. Kxf3 Rc3+ 0-1